BSA
MAUI TROPICS @ SAN FRANCISCO BANDITS
09/25/2024
 
TOP OF THE 1ST
Maui Tropics batting - Pitching for San Francisco Bandits : RHP Mabuchi Yoshida
Pitching: RHP Mabuchi Yoshida
Batting: LHB Doyle Otterburn 0-0: Ball
1-0: Ground out 4-3 (Groundball, 4MS)
Batting: LHB Juan Jose Rojas 0-0: Called Strike
0-1: Ball
1-1: DOUBLE (Line Drive, 8LXD)
Batting: RHB Pat Haynes 0-0: Ball
1-0: Ground out 4-3 (Groundball, 4MS)
Juan Jose Rojas to third
Batting: LHB Luis Antonio Torres 0-0: Ground out U3 (Groundball, 3)
Top of the 1st over - 0 run(s), 1 hit(s), 0 error(s), 1 left on base; Maui 0 - San Francisco 0
BOTTOM OF THE 1ST
San Francisco Bandits batting - Pitching for Maui Tropics : LHP Stan Aldridge
Pitching: LHP Stan Aldridge
Batting: RHB Ed Starr 0-0: DOUBLE (Line Drive, 5D)
Batting: LHB John Peterson 0-0: Swinging Strike
0-1: Ground out 1-3 (Groundball, 13)
Ed Starr to third
Batting: RHB Cory Foster 0-0: Called Strike
0-1: Ground out 5-3 (Groundball, 5)
Batting: RHB Ramón Ruíz 0-0: Called Strike
0-1: Called Strike
0-2: Foul Ball, location: 2F
0-2: Strikes out swinging
Bottom of the 1st over - 0 run(s), 1 hit(s), 0 error(s), 1 left on base; Maui 0 - San Francisco 0
TOP OF THE 2ND
Maui Tropics batting - Pitching for San Francisco Bandits : RHP Mabuchi Yoshida
Batting: RHB Phil White 0-0: Ball
1-0: Ground out 5-3 (Groundball, 56)
Batting: LHB Henry Huffman 0-0: Called Strike
0-1: Ball
1-1: Ball
2-1: Foul Ball, location: 2F
2-2: SINGLE (Line Drive, 4D)
Batting: RHB Damian Yates 0-0: Ball
1-0: Ball
2-0: Ball
3-0: Called Strike
3-1: Called Strike
3-2: Fly out, F8 (Flyball, 89D)
Batting: LHB Javier Espinoza 0-0: Fielders Choice at 2nd, 6-4 (Groundball, 6)
Top of the 2nd over - 0 run(s), 1 hit(s), 0 error(s), 0 left on base; Maui 0 - San Francisco 0
BOTTOM OF THE 2ND
San Francisco Bandits batting - Pitching for Maui Tropics : LHP Stan Aldridge
Batting: LHB Francisco Calderón 0-0: Ball
1-0: Foul Ball, location: 2F
1-1: Ball
2-1: SOLO HOME RUN (Flyball, 8RXD), Distance : 430 ft
Batting: SHB Vicente Ricks 0-0: Ball
1-0: Ball
2-0: Called Strike
2-1: Ground out 6-3 (Groundball, 6M)
Batting: LHB Charles-Antoine Champagne 0-0: Called Strike
0-1: Fly out, F5 (Popup, 5SF)
Batting: RHB Susumu Sugiyama 0-0: Called Strike
0-1: Ball
1-1: Swinging Strike
1-2: Reached on error, E2 (Groundball, 25)
Batting: RHB Kyle Williams 0-0: Ground out U3 (Groundball, 3L)
Bottom of the 2nd over - 1 run(s), 1 hit(s), 1 error(s), 1 left on base; Maui 0 - San Francisco 1
TOP OF THE 3RD
Maui Tropics batting - Pitching for San Francisco Bandits : RHP Mabuchi Yoshida
Batting: LHB Mario Olivares 0-0: Ball
1-0: Foul Ball, location: 2F
1-1: Foul Ball, location: 2F
1-2: Ball
2-2: Strikes out looking
Batting: LHB Doyle Otterburn 0-0: Ball
1-0: Foul Ball, location: 2F
1-1: Ball
2-1: Ball
3-1: Foul Ball, location: 2F
3-2: Fly out, F5 (Popup, 5L)
Batting: LHB Juan Jose Rojas 0-0: Called Strike
0-1: Ball
1-1: Swinging Strike
1-2: Foul Ball, location: 2F
1-2: Ball
2-2: TRIPLE (Groundball, 3L)
Batting: RHB Pat Haynes 0-0: Ball
1-0: Swinging Strike
1-1: Ball
2-1: Foul Ball, location: 2F
2-2: Ball
3-2: Ground out 4-3 (Groundball, 4)
Top of the 3rd over - 0 run(s), 1 hit(s), 0 error(s), 1 left on base; Maui 0 - San Francisco 1
BOTTOM OF THE 3RD
San Francisco Bandits batting - Pitching for Maui Tropics : LHP Stan Aldridge
Batting: RHB Ed Starr 0-0: Ball
1-0: Ball
2-0: Foul Ball, location: 2F
2-1: Ball
3-1: Foul Ball, location: 2F
3-2: Foul Ball, location: 2F
3-2: Fly out, F9 (Flyball, 89M)
Batting: LHB John Peterson 0-0: Ball
1-0: Ball
2-0: Called Strike
2-1: Swinging Strike
2-2: Strikes out swinging
Batting: RHB Cory Foster 0-0: Called Strike
0-1: Foul Ball, location: 2F
0-2: Ground out 6-3 (Groundball, 6M)
Bottom of the 3rd over - 0 run(s), 0 hit(s), 0 error(s), 0 left on base; Maui 0 - San Francisco 1
TOP OF THE 4TH
Maui Tropics batting - Pitching for San Francisco Bandits : RHP Mabuchi Yoshida
Batting: LHB Luis Antonio Torres 0-0: Ball
1-0: Ball
2-0: Called Strike
2-1: Swinging Strike
2-2: Ball
3-2: Strikes out swinging
Batting: RHB Phil White 0-0: Called Strike
0-1: Ball
1-1: Ball
2-1: Called Strike
2-2: Ground out 6-3 (Groundball, 6)
Batting: LHB Henry Huffman 0-0: Ball
1-0: DOUBLE (Groundball, 3L)
Batting: RHB Damian Yates 0-0: Called Strike
0-1: Ball
1-1: Foul Ball, location: 2F
1-2: Foul Ball, location: 2F
1-2: SINGLE (Line Drive, 4D)
Henry Huffman to third
Batting: LHB Javier Espinoza 0-0: Ball
1-0: Ground out 6-3 (Groundball, 6)
Top of the 4th over - 0 run(s), 2 hit(s), 0 error(s), 2 left on base; Maui 0 - San Francisco 1
BOTTOM OF THE 4TH
San Francisco Bandits batting - Pitching for Maui Tropics : LHP Stan Aldridge
Batting: RHB Ramón Ruíz 0-0: Ball
1-0: Ball
2-0: Called Strike
2-1: Fly out, F8 (Flyball, 8RM)
Batting: LHB Francisco Calderón 0-0: Swinging Strike
0-1: Ball
1-1: SINGLE (Groundball, 34)
Batting: SHB Vicente Ricks 0-0: Called Strike
0-1: Fielders Choice at 2nd, 6-4 (Groundball, 56)
Batting: LHB Charles-Antoine Champagne 0-0: Called Strike
0-1: Ball
1-1: Swinging Strike
1-2: Fly out, F7 (Flyball, 7D)
Bottom of the 4th over - 0 run(s), 1 hit(s), 0 error(s), 1 left on base; Maui 0 - San Francisco 1
TOP OF THE 5TH
Maui Tropics batting - Pitching for San Francisco Bandits : RHP Mabuchi Yoshida
Batting: LHB Mario Olivares 0-0: Ball
1-0: Foul Ball, location: 2F
1-1: Foul Ball, location: 2F
1-2: Strikes out looking
Batting: LHB Doyle Otterburn 0-0: Ball
1-0: Ball
2-0: Ball
3-0: Called Strike
3-1: Foul Ball, location: 2F
3-2: Ground out 4-3 (Groundball, 4MD)
Batting: LHB Juan Jose Rojas 0-0: Fly out, F8 (Flyball, 8LS)
Top of the 5th over - 0 run(s), 0 hit(s), 0 error(s), 0 left on base; Maui 0 - San Francisco 1
BOTTOM OF THE 5TH
San Francisco Bandits batting - Pitching for Maui Tropics : LHP Stan Aldridge
Batting: RHB Susumu Sugiyama 0-0: Ground out 5-3 (Groundball, 5S)
Batting: RHB Kyle Williams 0-0: Ground out 6-3 (Groundball, 6S)
Batting: RHB Ed Starr 0-0: Ball
1-0: Swinging Strike
1-1: SINGLE (Line Drive, 89S)
Batting: LHB John Peterson 0-0: Called Strike
Ed Starr is caught stealing 2nd base
Bottom of the 5th over - 0 run(s), 1 hit(s), 0 error(s), 0 left on base; Maui 0 - San Francisco 1
TOP OF THE 6TH
Maui Tropics batting - Pitching for San Francisco Bandits : RHP Mabuchi Yoshida
Batting: RHB Pat Haynes 0-0: Ball
1-0: Ball
2-0: Called Strike
2-1: SINGLE (Line Drive, 8RS)
Batting: LHB Luis Antonio Torres 0-0: Ball
1-0: Swinging Strike
1-1: Ball
2-1: Swinging Strike
2-2: Foul Ball, location: 2F
2-2: Ball
3-2: DOUBLE (Line Drive, 9LS)
Pat Haynes to third
Batting: RHB Phil White 0-0: Called Strike
0-1: Ball
1-1: Ball
2-1: Foul Ball, location: 2F
2-2: Strikes out swinging
Batting: LHB Henry Huffman 0-0: Foul Ball, location: 2F
0-1: Called Strike
0-2: Ball
1-2: Ball
2-2: Foul Ball, location: 2F
2-2: Strikes out swinging passed ball, reaches first!
Pat Haynes scores
Luis Antonio Torres to third
Batting: RHB Damian Yates 0-0: Called Strike
0-1: Ball
1-1: Ball
2-1: Called Strike
2-2: Ball
3-2: Fielders Choice at 2nd, 4-6 (Groundball, 4)
Luis Antonio Torres scores
Batting: LHB Javier Espinoza Balk!
Damian Yates to second
0-0: Intentional Walk
Batting: LHB Mario Olivares 0-0: Ball
1-0: Ball
2-0: Called Strike
2-1: Foul Ball, location: 2F
2-2: Fly out, F8 (Flyball, 8LD)
Top of the 6th over - 2 run(s), 2 hit(s), 0 error(s), 2 left on base; Maui 2 - San Francisco 1
BOTTOM OF THE 6TH
San Francisco Bandits batting - Pitching for Maui Tropics : LHP Stan Aldridge
Batting: LHB John Peterson 0-0: Called Strike
0-1: Ball
1-1: Ball
2-1: Foul Ball, location: 2F
2-2: Strikes out swinging
Batting: RHB Cory Foster 0-0: Ball
1-0: Ball
2-0: Ground out 5-3 (Groundball, 56)
Batting: RHB Ramón Ruíz 0-0: Ball
1-0: Swinging Strike
1-1: Called Strike
1-2: Ball
2-2: Strikes out swinging
Bottom of the 6th over - 0 run(s), 0 hit(s), 0 error(s), 0 left on base; Maui 2 - San Francisco 1
TOP OF THE 7TH
Maui Tropics batting - Pitching for San Francisco Bandits : RHP Mabuchi Yoshida
Pitching: RHP Pedro Castillo
Batting: LHB Doyle Otterburn 0-0: Ball
1-0: Called Strike
1-1: SINGLE (Line Drive, 34D)
Batting: LHB Juan Jose Rojas 0-0: Ball
1-0: Bunt missed!
1-1: Sac Bunt - play at second, runner OUT! 2-6
Pinch Hitting: RHB António Martínez 0-0: Ball
1-0: Foul Ball, location: 2F
1-1: Swinging Strike
1-2: DOUBLE (Line Drive, 78M)
Juan Jose Rojas to third
Batting: LHB Luis Antonio Torres 0-0: Intentional Walk
Batting: RHB Phil White 0-0: Called Strike
0-1: Ball
1-1: Foul Ball, location: 2F
1-2: Ball
2-2: Ball
3-2: Fly out, F8 (Flyball, 8LM)
Batting: LHB Henry Huffman 0-0: Called Strike
0-1: Foul Ball, location: 2F
0-2: Ball
1-2: Ground out U3 (Groundball, 3)
Top of the 7th over - 0 run(s), 2 hit(s), 0 error(s), 3 left on base; Maui 2 - San Francisco 1
BOTTOM OF THE 7TH
San Francisco Bandits batting - Pitching for Maui Tropics : LHP Stan Aldridge
Now at 3B: Enrique Flores
Batting: LHB Francisco Calderón 0-0: Ball
1-0: Ball
2-0: Ground out 4-3 (Groundball, 4)
Batting: SHB Vicente Ricks 0-0: Ball
1-0: Called Strike
1-1: Fly out, F7 (Flyball, 7S)
Batting: LHB Charles-Antoine Champagne 0-0: Hit by Pitch
Batting: RHB Susumu Sugiyama 0-0: Ground out 5-3 (Groundball, 56)
Bottom of the 7th over - 0 run(s), 0 hit(s), 0 error(s), 1 left on base; Maui 2 - San Francisco 1
TOP OF THE 8TH
Maui Tropics batting - Pitching for San Francisco Bandits : RHP Pedro Castillo
Batting: RHB Damian Yates 0-0: Swinging Strike
0-1: Called Strike
0-2: Strikes out swinging
Batting: LHB Javier Espinoza 0-0: Ball
1-0: Swinging Strike
1-1: Ball
2-1: Swinging Strike
2-2: Strikes out swinging
Batting: LHB Mario Olivares 0-0: Ball
1-0: Foul Ball, location: 2F
1-1: Foul Ball, location: 2F
1-2: Foul Ball, location: 2F
1-2: Fly out, F8 (Flyball, 8LS)
Top of the 8th over - 0 run(s), 0 hit(s), 0 error(s), 0 left on base; Maui 2 - San Francisco 1
BOTTOM OF THE 8TH
San Francisco Bandits batting - Pitching for Maui Tropics : LHP Stan Aldridge
Batting: RHB Kyle Williams 0-0: Ball
1-0: Swinging Strike
1-1: Ball
2-1: Ball
3-1: Called Strike
3-2: Strikes out swinging
Batting: RHB Ed Starr 0-0: Ball
1-0: Ball
2-0: Foul Ball, location: 2F
2-1: Called Strike
2-2: Strikes out looking
Batting: LHB John Peterson 0-0: SINGLE (Line Drive, 4)
Batting: RHB Cory Foster 0-0: Foul Ball, location: 2F
0-1: Fly out, F8 (Flyball, 8LXD)
Bottom of the 8th over - 0 run(s), 1 hit(s), 0 error(s), 1 left on base; Maui 2 - San Francisco 1
TOP OF THE 9TH
Maui Tropics batting - Pitching for San Francisco Bandits : RHP Pedro Castillo
Batting: LHB Doyle Otterburn 0-0: Ball
1-0: Called Strike
1-1: Foul Ball, location: 2F
1-2: Strikes out swinging
Batting: LHB Juan Jose Rojas 0-0: Called Strike
0-1: Ball
1-1: Ball
2-1: Foul Ball, location: 2F
2-2: Foul Ball, location: 2F
2-2: Ball
3-2: SINGLE (Groundball, 6MD)
Pitching: LHP Tomiji Takuda
Batting: RHB Enrique Flores 0-0: Ball
1-0: Called Strike
1-1: Foul Ball, location: 2F
1-2: Strikes out swinging
Pinch Hitting: RHB Armando Martínez 0-0: Foul Ball, location: 2F
0-1: Foul Ball, location: 2F
0-2: SINGLE (Groundball, 6M)
Juan Jose Rojas to second
Pinch Runner at 2nd Ximena Campos:
Batting: RHB Phil White 0-0: Ball
1-0: Swinging Strike
1-1: Foul Ball, location: 2F
1-2: Ball
2-2: Foul Ball, location: 2F
2-2: Foul Ball, location: 2F
2-2: SINGLE (Flyball, 89S)
Ximena Campos to third
Armando Martínez to second
Pinch Hitting: RHB Juan Jose Guevana 0-0: Ball
1-0: Ball
2-0: Foul Ball, location: 2F
2-1: Ball
3-1: Swinging Strike
3-2: Base on Balls
Ximena Campos scores
Armando Martínez to third
Phil White to second
Batting: RHB Damian Yates 0-0: Ball
1-0: Ball
2-0: Called Strike
2-1: Fly out, F7 (Flyball, 7S)
Top of the 9th over - 1 run(s), 3 hit(s), 0 error(s), 3 left on base; Maui 3 - San Francisco 1
BOTTOM OF THE 9TH
San Francisco Bandits batting - Pitching for Maui Tropics : LHP Stan Aldridge
Pitching: RHP Junior Mateo
Now at C: Ximena Campos
Now at 1B: Juan Jose Guevana
Now in LF: Armando Martínez
Batting: RHB Ramón Ruíz 0-0: Ball
1-0: Fly out, F8 (Line Drive, 8RD)
Batting: LHB Francisco Calderón 0-0: Ball
1-0: Called Strike
1-1: Called Strike
1-2: Foul Ball, location: 2F
1-2: Ball
2-2: Strikes out swinging
Batting: SHB Vicente Ricks 0-0: Ball
1-0: Ball
2-0: Called Strike
2-1: SINGLE (Line Drive, 9S)
Batting: LHB Charles-Antoine Champagne 0-0: Foul Ball, location: 2F
0-1: Fielders Choice at 2nd, U6 (Groundball, 6M)
Bottom of the 9th over - 0 run(s), 1 hit(s), 0 error(s), 1 left on base; Maui 3 - San Francisco 1
This league is powered by Out of the Park Baseball, the baseball management simulation game for PC, Mac and Linux
Saturday, April 9th, 2016 - OOTP Baseball 16.8 Build 38